 Dungeon Sprint DCSS version 0.23-a0-175-g97aacdb306 (webtiles) character file.

1924 ICC the Fighter (level 8, -3/69 HPs)
             Began as a Demonspawn Skald on Sept 17, 2018.
             Was the Champion of Jiyva.
             Slain by a two-headed hydra (7 damage)
             ... in the Dungeon (Sprint IX: "|||||||||||||||||||||||||||||").
             The game lasted 00:17:59 (917 turns).

ICC the Fighter (Demonspawn Skald)                   Turns: 917, Time: 00:18:00

Health: -3/69      AC: 11    Str: 13    XL:     8   Next: 96%
Magic:  0/20       EV: 17    Int: 19    God:    Jiyva [******]
Gold:   0          SH:  0    Dex: 15    Spells: 12/23 levels left

rFire    + + +     SeeInvis .   q - +2 scimitar "Janet" {flame, rF+++}
rCold    + . .     Gourm    .   (no shield)
rNeg     . . .     Faith    .   b - +0 leather armour
rPois    +         Spirit   +   (no helmet)
rElec    .         Reflect  .   t - +0 cloak
rCorr    +         Harm     .   (no gloves)
MR       .....     Clarity  +   s - +0 pair of boots Stlth +.........NoTele +
                                (no amulet)
HPRegen  0.21/turn              v - +3 ring of strength
MPRegen  0.17/turn              p - +3 ring of intelligence

@: no status effects
A: iridescent scales 3, clarity, cold resistance 1, mutation resistance 1,
poison resistance, powered by pain 1, pseudopods 1, jelly sensing items, magic
shield
a: Request Jelly, Slimify, Cure Bad Mutation, Renounce Religion


You were in the Dungeon.
You worshipped Jiyva.
Jiyva was exalted by your worship.
You were full.

You visited 1 branch

Inventory:

Hand Weapons
 a - a +0 spear
 q - the +2 scimitar "Janet" (weapon) {flame, rF+++}
   (You found it in the Dungeon)

   It has been specially enchanted to burn those struck by it, causing extra
   injury to most foes and up to half again as much damage against particularly
   susceptible opponents.
   Big, fiery blades are also staple armaments of hydra-hunters.
   It renders you almost immune to fire.
 r - the +3 war axe of Maoreg {freeze, SInv}
   (You found it in the Dungeon)

   It has been specially enchanted to freeze those struck by it, causing extra
   injury to most foes and up to half again as much damage against particularly
   susceptible opponents.
   It can also slow down cold-blooded creatures.
   It lets you see invisible.
 w - a +2 halberd of venom
Armour
 b - a +0 leather armour (worn)
 s - a +0 pair of boots (worn)
 t - a +0 cloak (worn)
Jewellery
 p - a +3 ring of intelligence (right hand)
 v - a +3 ring of strength (left hand)
Scrolls
 j - 2 scrolls of blinking
 k - 2 scrolls of fog
 l - 3 scrolls of remove curse
 m - 2 scrolls of amnesia
 n - 2 scrolls of enchant weapon
 o - a scroll of fear
 u - a scroll of identify
Potions
 c - a potion of invisibility
 e - 9 potions of curing
 f - 5 potions of heal wounds
 g - a potion of haste
 h - 4 potions of magic
 i - a potion of might
Comestibles
 d - a ration


   Skills:
 + Level 8.5 Fighting
 + Level 7.7 Polearms
 + Level 7.6 Armour
 + Level 7.9 Dodging
 - Level 8.0 Spellcasting
 + Level 8.0 Charms


You had 12 spell levels left.
You knew the following spells:

 Your Spells              Type           Power        Failure   Level  Hunger
a - Infusion              Chrm           ####         1%          1    None
b - Song of Slaying       Chrm           #####...     1%          2    None
c - Shroud of Golubria    Chrm/Tloc      ###.......   3%          2    None
d - Regeneration          Chrm/Necr      ###.......   6%          3    None
e - Spectral Weapon       Hex/Chrm       ###.....     6%          3    None

Your spell library contained the following spells:

 Spells                   Type           Power        Failure   Level  Hunger


Dungeon Overview and Level Annotations

Branches:
Dungeon (1/1)

Altars:
Cheibriados
Dithmenos
Elyvilon
Fedhas
Gozag
Hepliaklqana
Kikubaaqudgha
Makhleb
Nemelex Xobeh
Okawaru
Qazlal
Ru
Sif Muna
Trog
Uskayaw
Vehumet
Wu Jian
Xom
Yredelemnul
Zin
The Shining One
Beogh
Jiyva
Lugonu


Innate Abilities, Weirdness & Mutations

You are completely covered in iridescent scales. (AC +6)
You sometimes gain a little power by taking damage.
When hurt, damage is shared between your health and your magic reserves.
You possess an exceptional clarity of mind.
Your flesh is cold resistant. (rC+)
You are somewhat resistant to further mutation.
Your system is resistant to poisons. (rPois)
Armour fits poorly on your pseudopods.
You have a small jelly attached to you that senses nearby items.


Message History

You burn the three-headed hydra.
The three-headed hydra is moderately wounded.
The blink frog blinks!
The three-headed hydra bites you but does no damage. x3
You lop one of the three-headed hydra's heads off!
The flame cauterises the wound!
You hit the two-headed hydra. You burn the two-headed hydra.
The two-headed hydra is moderately wounded.
The two-headed hydra bites you.
* * * LOW HITPOINT WARNING * * *
The two-headed hydra bites you.
* * * LOW HITPOINT WARNING * * *
The two-headed hydra closely misses you.
The two-headed hydra bites you but does no damage.
You barely miss the two-headed hydra.
The two-headed hydra is moderately wounded.
The blink frog blinks!
The two-headed hydra bites you but does no damage.
The two-headed hydra bites you!
You die...

∆∆∆∆∆∆∆∆∆∆∆∆
▓▓▓▓▓▓▓▓▓▓▓▓▓▓▓▓▓▓▓▓▓▓▓▓▓▓▓
H.....'§rD@J........'......
▓▓▓▓▓▓▓▓▓▓▓▓▓▓▓▓▓▓▓▓▓▓▓▓▓▓▓▓▓▓▓▓▓
.................................
▓▓▓▓▓▓▓▓▓▓▓▓▓▓▓▓▓▓▓▓▓▓▓▓▓▓▓▓▓▓▓▓▓
_________________'.....'.....'...
▓▓▓▓▓▓▓▓▓▓▓▓▓▓▓▓▓▓▓▓▓▓▓▓▓▓▓▓▓▓▓▓▓


You could see a two-headed hydra, a porcupine and a neutral jelly (fellow
slime).

Vanquished Creatures
  A hydra (D)
  A hippogriff (D)
  A wyvern (D)
  A sky beast (D)
  2 ogres (D)
  3 centaurs (D)
  A crocodile (D)
  2 bullfrogs (D)
  2 dart slugs (D)
  An orc (D)
  2 bats (D)
  A giant cockroach (D)
  A goblin (D)
  A ball python zombie (D)
20 creatures vanquished.

Vanquished Creatures (collateral kills)
  A two-headed ogre (D)
  A bullfrog (D)
  A crimson imp (D)
  A hound (D)
  An adder (D)
  A bat skeleton (D)
6 creatures vanquished.

Vanquished Creatures (others)
  A blink frog (D)
  A porcupine (D)
  8 jellies (D)
  A spectral weapon (D)
11 creatures vanquished.

Grand Total: 37 creatures vanquished

Notes
Turn   | Place    | Note
-------+----------+-------------------------------------------
     0 | D        | ICC the Demonspawn Skald began the quest for the Orb.
     0 | D        | Reached XP level 1. HP: 16/16 MP: 3/3
    16 | D        | Reached skill level 1 in Armour
    25 | D        | Gained mutation: You are partially covered in iridescent
                  | scales. (AC +2) [demonic ancestry]
    25 | D        | Reached XP level 2. HP: 13/23 MP: 5/5
   163 | D        | Learned a level 2 spell: Song of Slaying
   166 | D        | Learned a level 2 spell: Shroud of Golubria
   213 | D        | Noticed a centaur
   213 | D        | Noticed an ogre
   213 | D        | Noticed a centaur
   213 | D        | Noticed an ogre
   218 | D        | Killed an ogre
   218 | D        | Reached XP level 3. HP: 17/30 MP: 1/8
   218 | D        | Gained mutation: When hurt, damage is shared between your
                  | health and your magic reserves. [demonic ancestry]
   218 | D        | Reached XP level 4. HP: 21/37 MP: 1/9
   220 | D        | Killed a centaur
   220 | D        | Gained mutation: You are mostly covered in iridescent
                  | scales. (AC +4) [demonic ancestry]
   220 | D        | Reached XP level 5. HP: 7/43 MP: 1/11
   225 | D        | Killed an ogre
   225 | D        | Reached skill level 5 in Fighting
   225 | D        | Reached skill level 5 in Charms
   229 | D        | Killed a centaur
   229 | D        | Reached skill level 5 in Polearms
   229 | D        | Reached skill level 5 in Dodging
   229 | D        | Reached skill level 5 in Spellcasting
   229 | D        | Reached XP level 6. HP: 10/52 MP: 2/13
   243 | D        | Found a roughly hewn altar of Beogh.
   243 | D        | Found a snail-covered altar of Cheibriados.
   243 | D        | Found a shadowy altar of Dithmenos.
   243 | D        | Found a white marble altar of Elyvilon.
   243 | D        | Found a blossoming altar of Fedhas.
   243 | D        | Found an opulent altar of Gozag.
   244 | D        | Found a hazy altar of Hepliaklqana.
   245 | D        | Found a viscous altar of Jiyva.
   246 | D        | Found an ancient bone altar of Kikubaaqudgha.
   247 | D        | Found a corrupted altar of Lugonu.
   248 | D        | Found a burning altar of Makhleb.
   249 | D        | Found a sparkling altar of Nemelex Xobeh.
   250 | D        | Found an iron altar of Okawaru.
   251 | D        | Found a stormy altar of Qazlal.
   252 | D        | Found a sacrificial altar of Ru.
   253 | D        | Became a worshipper of Jiyva Javogg the Shapeless
   271 | D        | Reached * piety under Jiyva
   271 | D        | Reached ** piety under Jiyva
   274 | D        | Reached *** piety under Jiyva
   276 | D        | Gained mutation: You have a small jelly attached to you
                  | that senses nearby items. [Jiyva's grace]
   276 | D        | Reached **** piety under Jiyva
   276 | D        | Gained mutation: You can translocate small distances at
                  | will. [Jiyva's grace]
   308 | D        | Found a deep blue altar of Sif Muna.
   309 | D        | Found a bloodstained altar of Trog.
   310 | D        | Found a hide-covered altar of Uskayaw.
   311 | D        | Found a radiant altar of Vehumet.
   312 | D        | Found an ornate altar of the Wu Jian Council.
   313 | D        | Found a shimmering altar of Xom.
   314 | D        | Found a basalt altar of Yredelemnul.
   315 | D        | Found a glowing silver altar of Zin.
   316 | D        | Found a glowing golden altar of the Shining One.
   334 | D        | Got the +2 scimitar "Janet" {flame, rF+++}
   334 | D        | Got the +3 war axe of Maoreg {freeze, SInv}
   496 | D        | Reached ***** piety under Jiyva
   496 | D        | Gained mutation: Your muscles are strong. (Str +2) [Jiyva's
                  | grace]
   496 | D        | Lost mutation: Your muscles are strong. (Str +2) [Jiyva's
                  | grace]
   496 | D        | Gained mutation: Your flesh is cold resistant. (rC+)
                  | [Jiyva's grace]
   500 | D        | Reached ****** piety under Jiyva
   500 | D        | Gained mutation: Your system is resistant to poisons.
                  | (rPois) [Jiyva's grace]
   500 | D        | Gained mutation: Armour fits poorly on your pseudopods.
                  | [Jiyva's grace]
   501 | D        | Noticed a two-headed ogre
   503 | D        | Gained mutation: You are agile. (Dex +2) [Jiyva's grace]
   510 | D        | Killed a two-headed ogre
   510 | D        | Reached XP level 7. HP: 24/60 MP: 4/17
   676 | D        | Learned a level 3 spell: Regeneration
   680 | D        | Learned a level 3 spell: Spectral Weapon
   680 | D        | Noticed a five-headed hydra
   707 | D        | Killed a seven-headed hydra
   707 | D        | Gained mutation: You sometimes gain a little power by
                  | taking damage. [demonic ancestry]
   707 | D        | Reached XP level 8. HP: 13/68 MP: 1/19
   724 | D        | Gained mutation: You are somewhat resistant to further
                  | mutation. [Jiyva's grace]
   724 | D        | Lost mutation: You are agile. (Dex +2) [Jiyva's grace]
   745 | D        | Lost mutation: You can translocate small distances at will.
                  | [Jiyva's grace]
   863 | D        | Gained mutation: You are completely covered in iridescent
                  | scales. (AC +6) [Jiyva's grace]
   871 | D        | Gained mutation: You possess an exceptional clarity of
                  | mind. [Jiyva's grace]
   875 | D        | Noticed a hippogriff
   875 | D        | Noticed a blink frog
   881 | D        | Noticed a four-headed hydra
   886 | D        | Noticed a blink frog
   897 | D        | Killed a blink frog
   911 | D        | Killed a hippogriff
   917 | D        | Slain by a two-headed hydra

Vault maps used:
D:        linesprint

Skill      XL: |  1  2  3  4  5  6  7  8 |
---------------+-------------------------+-----
Armour         | 1 3 4 6 7 |  7.6
Polearms       | 2 3 4 5 6 7 |  7.7
Dodging        | 2 3 4 5 6 7 |  7.9
Charms         | 3 4 5 6 7 8 |  8.0
Fighting       | 4 5 7 8 |  8.5
Spellcasting   | 3 4 5 6 7 8 |  8.0

Action                   |  1- 3 |  4- 6 |  7- 9 || total
-------------------------+-------+-------+-------++-------
Melee: Spear             |    27 |     9 |       ||    36
       Halberd           |       |     4 |     4 ||     8
       Pseudopods        |       |     2 |    12 ||    14
       Scimitar          |       |       |    45 ||    45
 Cast: Shroud of Golubri |     2 |     1 |     1 ||     4
       Song of Slaying   |     1 |     1 |     1 ||     3
       Infusion          |       |     1 |     1 ||     2
       Spectral Weapon   |       |       |     1 ||     1
Invok: Request Jelly     |       |     1 |     3 ||     4
  Use: Potion            |     1 |       |       ||     1
Armor: Leather armour    |     8 |     1 |    34 ||    43
Dodge: Dodged            |    11 |     8 |    72 ||    91
       Rpst.: Scimitar   |       |       |    10 ||    10

Table legend:
 A = Non-vault XP
 B = Vault XP
 C = Vault XP percentage of total XP
 D = Non-vault monster count
 E = Vault monster count
 F = Vault count percentage of total count
                 A         B        C        D         E       F
            +---------+---------+-------+---------+---------+-------
      Total |       0 |    2749 | 100.0 |       0 |      27 | 100.0
            +---------+---------+-------+---------+---------+-------
          D |       0 |    2749 | 100.0 |       0 |      27 | 100.0
            +---------+---------+-------+---------+---------+-------
